 Dungeon Crawl Stone Soup version 0.24-a0-271-ga0fc33f (webtiles) character file.

Game seed: 13408754517657860458

100 mistymad the Charlatan (level 4, -10/34 HPs)
             Began as a Gnoll Artificer on Apr 23, 2019.
             Killed by divine providence
             ... invoked by an orc priest
              (14 damage)
             ... on level 3 of the Dungeon.
             The game lasted 00:04:27 (2827 turns).

mistymad the Charlatan (Gnoll Artificer)            Turns: 2827, Time: 00:04:28

Health: -10/34     AC:  5    Str: 15    XL:     4   Next: 74%
Magic:  17/17      EV: 13    Int: 13    God:
Gold:   153        SH:  0    Dex: 16    Spells: 5/5 levels left

rFire    . . .     SeeInvis .   j - +3 dagger (holy)
rCold    + . .     Gourm    .   (no shield)
rNeg     . . .     Faith    .   y - +0 ring mail
rPois    .         Spirit   .   (no helmet)
rElec    .         Reflect  .   (no cloak)
rCorr    .         Harm     .   (no gloves)
MR       .....                  (no boots)
Stlth    ++........             (no amulet)
HPRegen  0.11/turn              n - ring of magical power
MPRegen  0.15/turn              p - ring of protection from cold

@: no status effects
A: distributed training, fangs 1, strong nose
a: no special abilities


You were on level 3 of the Dungeon.
You were not hungry.

You visited 1 branch of the dungeon, and saw 3 of its levels.

You collected 153 gold pieces.

Inventory:

Hand Weapons
 a - a +0 short sword
 j - a +3 dagger of holy wrath (weapon)
Armour
 y - a +0 ring mail (worn)
Jewellery
 n - a ring of magical power (left hand)
 p - a ring of protection from cold (right hand)
Wands
 c - a wand of flame (9)
 d - a wand of enslavement (14)
 e - a wand of random effects (15)
Scrolls
 g - 2 scrolls of teleportation {unknown}
 h - 2 scrolls of blinking {unknown}
 i - 2 scrolls of fear {unknown}
 k - 3 scrolls of identify {unknown}
 l - 2 scrolls of enchant weapon {unknown}
 v - a scroll of remove curse {unknown}
 w - 2 scrolls of immolation {unknown}
 x - a scroll of amnesia {unknown}
Potions
 m - 2 potions of degeneration {unknown}
 o - a potion of lignification {unknown}
 q - a potion of might {unknown}
 r - a potion of haste {unknown}
 s - 2 potions of curing {unknown}
 t - 2 potions of magic {unknown}
 u - 2 potions of heal wounds {unknown}
Comestibles
 f - 3 rations


   Skills:
 + Level 2.8 Fighting
 + Level 2.8 Short Blades
 + Level 1.2 Long Blades
 + Level 1.2 Axes
 + Level 1.2 Maces & Flails
 + Level 1.2 Polearms
 + Level 1.2 Staves
 + Level 1.2 Slings
 + Level 1.2 Bows
 + Level 1.2 Crossbows
 + Level 1.2 Throwing
 + Level 1.2 Armour
 + Level 4.6 Dodging
 + Level 2.6 Stealth
 + Level 1.2 Shields
 + Level 1.2 Unarmed Combat
 + Level 1.2 Spellcasting
 + Level 1.0 Conjurations
 + Level 1.0 Hexes
 + Level 1.0 Charms
 + Level 1.0 Summonings
 + Level 1.0 Necromancy
 + Level 1.0 Translocations
 + Level 1.0 Transmutations
 + Level 1.0 Fire Magic
 + Level 1.0 Ice Magic
 + Level 1.0 Air Magic
 + Level 1.0 Earth Magic
 + Level 1.0 Poison Magic
 + Level 1.3 Invocations
 + Level 6.6 Evocations


You had 5 spell levels left.
You didn't know any spells.
Your spell library was empty.

Dungeon Overview and Level Annotations

Branches:
Dungeon (3/15)

Altars:
Okawaru


Innate Abilities, Weirdness & Mutations

Your experience applies equally to all skills.
You have very sharp teeth.
Your uncanny sense of smell can sniff out nearby items.


Message History

An orc comes into view. It is wielding a +3 dagger.
You hit the orc. You bite the orc.
You kill the orc!
The orc closely misses you. The orc hits you with a +0 short sword.
You take 2 damage, and have 17/34 hp.
Okay, then.
You are too injured to fight recklessly!
You are too injured to fight recklessly!
You are too injured to fight recklessly!
Wield which item (- for none, * to show all)? (? for menu, Esc to quit)
Okay, then.
Okay, then.
The orc priest calls down the wrath of Beogh upon you.
Beogh smites you!
* * * LOW HITPOINT WARNING * * *
You take 14 damage, and have 4/34 hp.
MASSIVE DAMAGE!!
The orc priest invokes the aid of Beogh against you.
Beogh smites you!
You die...

#########..)......
#...#.#.#..>......
#.##.#.#.#........
#.###.#.#.....#+#+
#.##.#.#.#.#+#.#
#.###.#.#.#.#.#..
#.##.#.#.#.#.#.#..
#.###.#.#.#.#.#...
#@##.# #.#.#.#..
#.###.# #.#.#.#.#+
#o##.#.#.#$#.#. #
#.###.#.#.#.#. .
#.##.#o#.#)#
#o###.#.#.# .
#o##.#.#.#o# .#
#...#.#.#.#.# .#.
####+#+#+#.#.#.#.#


You could see an orc priest, an orc wizard and an orc.

Vanquished Creatures
  5 adders (D:2)
  An ooze (D:1)
  3 orcs (D:3)
  2 giant cockroaches
  9 goblins
  6 hobgoblins
  3 jackals (D:3)
  6 bats
  2 frilled lizards (D:1)
  5 kobolds
  5 rats
47 creatures vanquished.

Vanquished Creatures (others)
  A dart slug (D:1)
1 creature vanquished.

Grand Total: 48 creatures vanquished

Notes
Turn   | Place    | Note
-------+----------+-------------------------------------------
     0 | D:1      | mistymad the Gnoll Artificer began the quest for the Orb.
     0 | D:1      | Reached XP level 1. HP: 17/17 MP: 4/4
   420 | D:1      | Reached XP level 2. HP: 12/23 MP: 6/6
  1074 | D:1      | Reached XP level 3. HP: 25/28 MP: 7/7
  1279 | D:2      | Reached skill level 1 in Invocations
  1378 | D:2      | Found an iron altar of Okawaru.
  1400 | D:2      | Reached skill level 1 in Long Blades
  1400 | D:2      | Reached skill level 1 in Axes
  1400 | D:2      | Reached skill level 1 in Maces & Flails
  1400 | D:2      | Reached skill level 1 in Polearms
  1400 | D:2      | Reached skill level 1 in Staves
  1400 | D:2      | Reached skill level 1 in Slings
  1400 | D:2      | Reached skill level 1 in Bows
  1400 | D:2      | Reached skill level 1 in Crossbows
  1400 | D:2      | Reached skill level 1 in Throwing
  1400 | D:2      | Reached skill level 1 in Armour
  1400 | D:2      | Reached skill level 1 in Shields
  1400 | D:2      | Reached skill level 1 in Unarmed Combat
  1400 | D:2      | Reached skill level 1 in Spellcasting
  1400 | D:2      | Reached XP level 4. HP: 29/34 MP: 8/8
  2473 | D:3      | Reached skill level 1 in Conjurations
  2473 | D:3      | Reached skill level 1 in Hexes
  2473 | D:3      | Reached skill level 1 in Charms
  2473 | D:3      | Reached skill level 1 in Summonings
  2473 | D:3      | Reached skill level 1 in Necromancy
  2473 | D:3      | Reached skill level 1 in Translocations
  2473 | D:3      | Reached skill level 1 in Transmutations
  2473 | D:3      | Reached skill level 1 in Fire Magic
  2473 | D:3      | Reached skill level 1 in Ice Magic
  2473 | D:3      | Reached skill level 1 in Air Magic
  2473 | D:3      | Reached skill level 1 in Earth Magic
  2473 | D:3      | Reached skill level 1 in Poison Magic
  2827 | D:3      | Killed from afar by an orc priest

Levels and vault maps discovered:
D:1:      mushboom_english_gardens, layout_loops_ring
D:2:      layout_basic, kennysheep_okawaru_gauntlet
D:3:      layout_basic, bloody_trog, uniq_purgy

Skill      XL: |  1  2  3  4 |
---------------+-------------+-----
Invocations    | 1 |  1.3
Long Blades    | 1 |  1.2
Axes           | 1 |  1.2
Maces & Flails | 1 |  1.2
Polearms       | 1 |  1.2
Staves         | 1 |  1.2
Slings         | 1 |  1.2
Bows           | 1 |  1.2
Crossbows      | 1 |  1.2
Throwing       | 1 |  1.2
Armour         | 1 |  1.2
Shields        | 1 |  1.2
Unarmed Combat | 1 |  1.2
Spellcasting   | 1 |  1.2
Conjurations   | 1 |  1.0
Hexes          | 1 |  1.0
Charms         | 1 |  1.0
Summonings     | 1 |  1.0
Necromancy     | 1 |  1.0
Translocations | 1 |  1.0
Transmutations | 1 |  1.0
Fire Magic     | 1 |  1.0
Ice Magic      | 1 |  1.0
Air Magic      | 1 |  1.0
Earth Magic    | 1 |  1.0
Poison Magic   | 1 |  1.0
Fighting       | |  2.8
Short Blades   | |  2.8
Dodging        | |  4.6
Stealth        | |  2.6
Evocations     | |  6.6

Action                   |  1- 3 |  4- 6 || total
-------------------------+-------+-------++-------
Melee: Short sword       |    85 |     3 ||    88
       Bite              |     7 |     6 ||    13
       Dagger            |       |    72 ||    72
Evoke: Wand              |     7 |       ||     7
 Stab: Sleeping          |     6 |     3 ||     9
  Eat: Chunk             |     1 |     5 ||     6
Armor: Leather armour    |    28 |    15 ||    43
       Ring mail         |       |     2 ||     2
Dodge: Dodged            |    73 |    52 ||   125

Table legend:
 A = Non-vault XP
 B = Vault XP
 C = Vault XP percentage of total XP
 D = Non-vault monster count
 E = Vault monster count
 F = Vault count percentage of total count
                 A         B        C        D         E       F
            +---------+---------+-------+---------+---------+-------
      Total |     140 |       4 |   2.8 |      45 |       2 |   4.3
            +---------+---------+-------+---------+---------+-------
        D:1 |      37 |       0 |   0.0 |      21 |       0 |   0.0
        D:2 |      83 |       4 |   4.6 |      15 |       2 |  11.8
        D:3 |      20 |       0 |   0.0 |       9 |       0 |   0.0
            +---------+---------+-------+---------+---------+-------
